 Dungeon Crawl Stone Soup version 0.29.0-15-g675c0067aa (webtiles) character file.

Game seed: 9993735957299363904

1071 writerjack the Cleaver (level 8, -2/66 HPs)
             Began as a Minotaur Berserker on Sept 11, 2022.
             Was a Believer of Trog.
             Slain by Maggie
             ... wielding a +1 long sword of flaming
              (8 damage)
             ... on level 7 of the Dungeon.
             The game lasted 00:13:48 (4436 turns).

writerjack the Cleaver (Minotaur Berserker)         Turns: 4436, Time: 00:13:49

Health: -2/66      AC: 14    Str: 25    XL:     8   Next: 7%
Magic:  7/7        EV: 11    Int:  4    God:    Trog [**....]
Gold:   293        SH:  0    Dex:  9    Spells: 7/7 levels left

rFire   . . .      SeeInvis +   a - +0 hand axe
rCold   . . .      Faith    .   (no shield)
rNeg    . . .      Spirit   .   B - +0 plate armour
rPois   .          Reflect  .   (helmet restricted)
rElec   .          Harm     .   j - +0 cloak
rCorr   .          Rampage  .   p - +0 pair of gloves
Will    ++...                   h - +0 pair of boots
Stlth   ..........              (no amulet)
HPRegen 1.21/turn               i - +4 ring of evasion
MPRegen 0.10/turn               n - ring of see invisible

@: lethally poisoned (-2 -> -6), strong-willed, attractive, mesmerised,
regenerating
A: horns 2, retaliatory headbutt
a: Renounce Religion, Berserk, Trog's Hand


You were on level 7 of the Dungeon.
You worshipped Trog.
Trog was pleased with you.
You visited 1 branch of the dungeon, and saw 7 of its levels.

You collected 293 gold pieces.

Inventory:

Hand Weapons
 a - a +0 hand axe (weapon)
Missiles
 x - 3 atropa-tipped darts (quivered)
Armour
 b - an orb of guile
 h - a +0 pair of boots (worn)
 j - a +0 cloak (worn)
 p - a +0 pair of gloves (worn)
 B - a +0 plate armour (worn)
Jewellery
 i - a +4 ring of evasion (left hand)
 n - a ring of see invisible (right hand)
 q - an amulet of magic regeneration
 v - a +6 ring of intelligence
Wands
 l - a wand of flame (22)
Scrolls
 e - 3 scrolls of teleportation {unknown}
 k - 5 scrolls of identify {unknown}
 m - 4 scrolls of blinking {unknown}
 o - 3 scrolls of torment {unknown}
 u - 2 scrolls of immolation {unknown}
 y - a scroll of enchant weapon {unknown}
 A - a scroll of poison {unknown}
 C - a scroll of enchant armour {unknown}
Potions
 c - 2 potions of attraction
 d - 3 potions of invisibility {unknown}
 f - a potion of flight {unknown}
 g - 3 potions of heal wounds {unknown}
 r - 2 potions of ambrosia {unknown}
 s - a potion of brilliance {unknown}
 t - 2 potions of cancellation {unknown}
 w - a potion of resistance {unknown}
 z - a potion of curing {unknown}


   Skills:
 - Level 3.8 Fighting
 + Level 11.7 Axes
 - Level 2.4 Armour
 - Level 2.2 Dodging


You had 7 spell levels left.
You didn't know any spells.
Your spell library was empty.

Dungeon Overview and Level Annotations

Branches:
Dungeon (7/15)             Temple (0/1) D:6

Altars:
Cheibriados
Fedhas
Ru
Wu Jian
The Shining One

Shops:
D:7 *

Annotations:
D:7 Maggie


Innate Abilities, Weirdness & Mutations

You have a pair of horns on your head.
You reflexively headbutt those who attack you in melee.


Message History

You closely miss the water moccasin.
The water moccasin is moderately wounded.
You hit Maggie.
You feel sick. The water moccasin barely misses you.
Maggie hits you with a +1 long sword of flaming.
* * * LOW HITPOINT WARNING * * *
Maggie burns you.
* * * LOW HITPOINT WARNING * * *
You slash the water moccasin!
The water moccasin is heavily wounded.
You completely miss Maggie.
You feel sick. The water moccasin bites you.
* * * LOW HITPOINT WARNING * * *
You are more poisoned.
The water moccasin poisons you! Maggie barely misses you.
You cannot move away from Maggie!
You cannot move away from Maggie!
You closely miss the water moccasin.
The water moccasin is heavily wounded.
You hit Maggie.
* * * LOW HITPOINT WARNING * * *
You feel very sick.
The water moccasin bites you but does no damage.
Aiming: Throw Flame
Press: ? - help, Shift-Dir - straight line, f - Maggie
Aim: Maggie, wielding a +1 long sword of flaming and wearing +0 swamp dragon scales (heavily wounded, mesmerising, 72% to hit)
The puff of flame hits Maggie.
Maggie is heavily wounded.
* * * LOW HITPOINT WARNING * * *
You feel very sick. Maggie misses you.
The water moccasin bites you but does no damage.
It was a potion of attraction.
You feel attractive to monsters.
* * * LOW HITPOINT WARNING * * *
You feel very sick. The water moccasin misses you. You furiously retaliate!
You headbutt the water moccasin!
You kill the water moccasin!
Trog accepts your kill.
Maggie hits you with a +1 long sword of flaming!
You die...

#$ #.# ##.#
#... .#.#
#...# ...#
#....#...#
#...#.#..#
.
#.#.@?#.+..
##..@..#..
#.#...#.#
#..#.#..#
#...#..!#
##......#
#......#
#.#...##
#.##### #.#


You could see Maggie (mesmerising).

Vanquished Creatures
  A water moccasin (D:7)
  2 ogres
  2 sky beasts (D:6)
  2 phantoms
  3 scorpions
  2 hounds
  A jelly (D:5)
  A gnoll bouda (D:4)
  Jessica (D:3)
  2 iguanas (D:6)
  Ijyb (D:3)
  7 gnolls (D:4)
  4 adders
  An ufetubus (D:6)
  A dart slug (D:4)
  7 orcs
  3 bats
  6 endoplasms
  2 giant cockroaches
  6 goblins
  5 hobgoblins
  2 jackals (D:4)
  3 quokkas (D:1)
  4 ball pythons (D:1)
  9 frilled lizards
  8 kobolds
  2 rats
88 creatures vanquished.

Notes
Turn   | Place    | Note
-------+----------+-------------------------------------------
     0 | D:1      | writerjack the Minotaur Berserker began the quest for the
                  | Orb.
     0 | D:1      | Reached XP level 1. HP: 19/19 MP: 0/0
   153 | D:1      | Reached skill level 4 in Axes
   158 | D:1      | Reached XP level 2. HP: 27/27 MP: 1/1
   537 | D:1      | Reached ** piety under Trog
  1084 | D:1      | Reached skill level 5 in Axes
  1084 | D:1      | Reached XP level 3. HP: 29/33 MP: 2/2
  1157 | D:1      | Found a faded altar of an unknown god.
  1315 | D:2      | You fall into a shaft and drop 2 floors!
  1324 | D:5      | Entered Level 5 of the Dungeon
  1336 | D:3      | Noticed Ijyb
  1340 | D:3      | Killed Ijyb
  1355 | D:3      | Reached XP level 4. HP: 29/40 MP: 3/3
  1608 | D:3      | Reached skill level 6 in Axes
  1881 | D:3      | Noticed Jessica
  1887 | D:3      | Killed Jessica
  2112 | D:3      | Found a glowing golden altar of the Shining One.
  2330 | D:4      | Reached skill level 7 in Axes
  2330 | D:4      | Reached XP level 5. HP: 46/46 MP: 4/4
  2656 | D:4      | Noticed an ogre
  2691 | D:4      | Killed an ogre
  2692 | D:4      | Reached skill level 8 in Axes
  2692 | D:4      | Reached XP level 6. HP: 52/52 MP: 5/5
  2793 | D:4      | Reached skill level 9 in Axes
  3010 | D:4      | Found a sacrificial altar of Ru.
  3253 | D:5      | Found a blossoming altar of Fedhas.
  3253 | D:5      | Found a snail-covered altar of Cheibriados.
  3301 | D:5      | Reached XP level 7. HP: 52/58 MP: 6/6
  3409 | D:5      | Reached skill level 10 in Axes
  3777 | D:6      | Found a staircase to the Ecumenical Temple.
  3833 | D:6      | Reached skill level 11 in Axes
  4146 | D:6      | Reached XP level 8. HP: 56/66 MP: 7/7
  4344 | D:6      | Found an ornate altar of the Wu Jian Council.
  4417 | D:7      | Found Ziunoxy's Assorted Antiques.
  4421 | D:7      | Noticed Maggie
  4436 | D:7      | Slain by Maggie

Illustrated notes

Levels and vault maps discovered:
D:1:      dpeg_arrival_arbitrary_b, layout_basic,
          ebering_ecumenical_altar_abandoned
D:2:      layout_rooms, basic_altar, serial_shops, nicolae_shop_hallway_stairs
D:3:      layout_loops_ring, lemuel_crystal_altar, uniq_ijyb, uniq_jessica
D:4:      layout_cave_pods, mainiacjoe_overflow_alcove_2, serial_column_ruins,
          column_ruins_grid_2, column_ruins_columns_plus,
          column_ruins_corridor_T, column_ruins_columns_straight,
          column_ruins_columns_straight, column_ruins_grid_3,
          minmay_misc_feat_encased, minmay_misc_feat_iff
D:5:      layout_basic, gammafunk_temple_overflow_pools
D:6:      layout_basic, nicolae_wu_jian_glorious_leap,
          minmay_temple_entry_arrows, chequers_serial_rivers_small_3
D:7:      layout_loops_corners, serial_shops, nicolae_diamond_shop,
          minmay_joined_circles, uniq_menkaure, uniq_maggie

Skill      XL: |  1  2  3  4  5  6  7 |
---------------+----------------------+-----
Axes           | 4 5 7 8 9 11 | 11.7
Fighting       | |  3.8
Armour         | |  2.4
Dodging        | |  2.2

Action                   |  1- 3 |  4- 6 |  7- 9 || total
-------------------------+-------+-------+-------++-------
Melee: Hand axe          |    74 |    88 |    88 ||   250
       Headbutt          |     5 |    10 |    15 ||    30
       Punch             |       |     1 |       ||     1
Throw: Dart              |       |       |     1 ||     1
Invok: Berserk           |       |     3 |       ||     3
       Trog's Hand       |       |     1 |     1 ||     2
Evoke: Wand              |       |       |     1 ||     1
  Use: Potion            |       |       |     1 ||     1
Armor: Animal skin       |     9 |       |       ||     9
       Ring mail         |     1 |       |       ||     1
       Chain mail        |       |    43 |    21 ||    64
       Plate armour      |       |       |    25 ||    25
Dodge: Dodged            |    49 |    33 |    23 ||   105
